 Dungeon Crawl Stone Soup version 0.17.1-1-g73c8601 (webtiles) character file.

356 Runnr the Skirmisher (level 6, 0/39 HPs)
             Began as a Gargoyle Fighter on Jan 4, 2016.
             Killed by divine providence
             ... invoked by an orc priest
              (14 damage)
             ... on level 4 of the Dungeon.
             The game lasted 00:07:40 (3048 turns).

Runnr the Skirmisher (Gargoyle Fighter)             Turns: 3048, Time: 00:07:40

Health: 0/39       AC: 14    Str: 20    XL:     6   Next: 63%
Magic:  6/6        EV:  8    Int:  8    God:
Gold:   131        SH:  9    Dex: 11    Spells: 0 memorised, 5 levels left

rFire  . . .     SeeInvis .     a - +0 war axe
rCold  . . .     Clarity  .     b - +0 scale mail
rNeg   + . .     SustAt   .     c - +0 shield
rPois  ∞         Gourm    .     (no helmet)
rElec  +         Spirit   .     x - +0 cloak
rCorr  .         Warding  .     (no gloves)
rMut   .         Stasis   .     n - +0 pair of boots
MR     .....                    (no amulet)
Stlth  ..........               (no ring)
                                (no ring)

@: not resistant to hostile enchantments, extremely unstealthy
A: negative energy resistance 1, electricity resistance, unbreathing,
petrification resistance, rot immunity, AC +4
a: no special abilities


You were on level 4 of the Dungeon.
You were not hungry.

You visited 1 branch of the dungeon, and saw 4 of its levels.

You collected 131 gold pieces.

Inventory:

Hand Weapons
 a - a +0 war axe (weapon)
 o - a +0 blowgun
Missiles
 p - 3 poisoned needles
Armour
 b - a +0 scale mail (worn)
 c - a +0 shield (worn)
 n - a +0 pair of boots (worn)
 x - a +0 cloak (worn)
Jewellery
 e - an uncursed ring of ice
Wands
 v - a wand of enslavement (14)
Scrolls
 f - a scroll of fog {unknown}
 g - 3 scrolls of identify {unknown}
 k - a scroll of magic mapping {unknown}
 m - a scroll of noise {unknown}
 s - a scroll of blinking {unknown}
 u - a scroll of enchant armour {unknown}
 y - a scroll of teleportation {unknown}
Potions
 d - 3 potions of might
 h - a potion of mutation {unknown}
 i - a potion of magic {unknown}
 j - a potion of lignification {unknown}
 l - a potion of cure mutation {unknown}
 q - a potion of haste {unknown}
 r - a potion of brilliance {unknown}
 t - 3 potions of degeneration {unknown}
 z - a potion of agility {unknown}
Comestibles
 w - 6 chunks of flesh
 E - 3 bread rations
 F - a beef jerky
 J - 2 royal jellies


   Skills:
 + Level 4.5 Fighting
 + Level 3.1 Axes
 + Level 4.4 Armour
 + Level 2.3 Dodging
 + Level 4.4 Shields


You had 5 spell levels left.
You didn't know any spells.

Dungeon Overview and Level Annotations

Branches:
Dungeon (4/15)
 Temple: D:4-7

Altars:
Kikubaaqudgha
Nemelex Xobeh

Annotations:
D:3 Gargoyl's ghost, amateur DsAK


Innate Abilities, Weirdness & Mutations

You are resistant to torment.
Your stone body is resilient (AC +4).
You are immune to poison.
You resist negative energy.
You are resistant to electric shocks.
You can survive without breathing.
You are immune to petrification.
You are immune to rotting.


Message History

The orc priest calls down the wrath of Beogh upon you.
Something smites you!
Unknown command.
Items here: ) ? [ † a morningstar; a leather armour; a scroll labeled HIGASCH DIXU; an orc corpse An orc wizard appears from thin air!
Reactivating autopickup.
The orc priest casts a cantrip, but nothing happens.
You bump into the rock wall.
You feel less confused.
The orc wizard mumbles some strange words.
The orc wizard flickers and vanishes!
Deactivating autopickup; reactivate with Ctrl-A.
Unknown command.
The orc priest calls down the wrath of Beogh upon you.
Reactivating autopickup.
You feel a bit more experienced.
The orc priest calls down the wrath of Beogh upon you.
Something smites you!
You die...

.........# ##...#
..........## #...#
.........o## #...#
...........)### ##.##
#.........#..[# ### ..
.........###)##### #######
.# ##..###.##
#.o...####.....## .#
#...##.########o..........#
.#
#.#..#.#..@.........(....##
.#
#.##.....#################
.######......###
.........###.#
....####.###.#
#.....##..##.#
#...#.÷......#
##.####..##..######## #.#
#.............#


You could see an orc priest.

Vanquished Creatures
  2 hounds
  A centaur skeleton (D:4)
  An iguana (D:4)
  An orc wizard (D:4)
  6 adders
  4 gnolls
  2 oozes (D:1)
  3 worms (D:3)
  8 orcs
  A ball python (D:1)
  4 giant cockroaches
  13 goblins
  6 hobgoblins
  4 jackals
  10 bats
  2 giant geckos
  5 giant newts
  15 kobolds
  A quokka skeleton (D:4)
  6 rats
95 creatures vanquished.

Vanquished Creatures (others)
  An orc wizard (D:4)
1 creature vanquished.

Grand Total: 96 creatures vanquished

Notes
Turn   | Place    | Note
--------------------------------------------------------------
     0 | D:1      | Runnr the Gargoyle Fighter began the quest for the Orb.
     0 | D:1      | Reached XP level 1. HP: 14/14 MP: 1/1
   100 | D:1      | Reached XP level 2. HP: 16/19 MP: 2/2
   412 | D:1      | Reached XP level 3. HP: 20/23 MP: 3/3
   557 | D:2      | Found a sparkling altar of Nemelex Xobeh.
   586 | D:1      | Reached skill level 1 in Dodging
   586 | D:1      | Reached XP level 4. HP: 24/28 MP: 4/4
  1347 | D:2      | Reached skill level 4 in Fighting
  1347 | D:2      | Reached XP level 5. HP: 27/33 MP: 5/5
  1440 | D:3      | Noticed Gargoyl's ghost (amateur DsAK)
  2362 | D:4      | Noticed an ogre
  2362 | D:4      | Noticed an ogre
  2470 | D:4      | Found an ancient bone altar of Kikubaaqudgha.
  2601 | D:4      | Reached XP level 6. HP: 30/39 MP: 6/6
  3048 | D:4      | Killed from afar by an orc priest

Action                   |  1- 3 |  4- 6 || total
-------------------------+-------+-------++-------
Melee: War axe           |   111 |   259 ||   370
  Eat: Chunk             |       |     8 ||     8
